AoeStats
← Lord_Wilfredo

Arabia

508152952Analyzed
4v4 RM · 12d ago on Sep 21, 2026· 42m 14s· 8 players
Game mode
Random Map
Map size
Large (8 player)
Population
200
Speed
Normal
Resources
Standard
Victory
Conquest
Starting age
Dark Age
Ending age
Imperial Age
RankedLock teamsTeams togetherTeam positionsShared explorationLock speedFull tech treeHidden civsTurbo modeCheats
Victory
Defeat
🇲🇽 Italians · Mexico
1448
+15
🇲🇽 Persians · Mexico
1368
+18
🇲🇽 Poles · Mexico
1355
+18
🇲🇽 Ethiopians · Mexico
1332
+20
🇨🇦 Britons · Canada
1438
-18
🇵🇪 Ethiopians · Peru
1412
-18
🇵🇪 Mongols · Peru
1409
-18
🇦🇷 Huns · Argentina
1387
-17
CSA_HW_Mercer
6:47 Loom
9:01 Feudal Age
14:41 Fletching
23:27 Double-Bit Axe
28:13 Castle Age
27:52 Padded Archer Armor
27:50 Gold Mining
28:17 Crossbowman
29:00 Bodkin Arrow
37:09 Horse Collar
Wolfang
9:18 Feudal Age
9:38 Loom
11:28 Double-Bit Axe
13:57 Fletching
14:28 Padded Archer Armor
16:46 Gold Mining
20:58 Wheelbarrow
25:43 Castle Age
24:14 Horse Collar
26:20 Bodkin Arrow
25:48 Crossbowman
28:03 Ballistics
28:39 Bow Saw
29:37 Leather Archer Armor
30:32 Thumb Ring
32:27 Hand Cart
34:11 Heavy Plow
39:34 Imperial Age
37:49 Gold Shaft Mining
37:10 Stone Mining
38:15 Elite Skirmisher
40:17 Bracer
41:19 Chemistry
42:04 Town Watch
Lord_Wilfredo
7:25 Loom
9:45 Feudal Age
10:26 Double-Bit Axe
11:56 Horse Collar
14:57 Bloodlines
16:01 Scale Barding Armor
18:29 Forging
27:05 Castle Age
27:06 Light Cavalry
28:13 Chain Barding Armor
33:49 Iron Casting
33:57 Husbandry
33:56 Gold Mining
34:56 Padded Archer Armor
37:04 Wheelbarrow
zFenix095z
6:20 Loom
8:19 Feudal Age
7:41 Loom
13:29 Forging
23:48 Castle Age
21:42 Gold Mining
21:42 Double-Bit Axe
21:55 Horse Collar
23:43 Bloodlines
24:40 Husbandry
26:16 Scale Barding Armor
32:06 Chain Barding Armor
35:36 Wheelbarrow
35:45 Iron Casting
41:42 Imperial Age
41:12 Hand Cart
41:44 Cavalier
42:46 Bow Saw
43:14 Gold Shaft Mining
utenrreyra
9:32 Feudal Age
10:32 Loom
12:48 Double-Bit Axe
13:46 Horse Collar
18:07 Fletching
18:17 Padded Archer Armor
26:43 Castle Age
25:55 Gold Mining
27:18 Bodkin Arrow
26:47 Crossbowman
27:32 Thumb Ring
28:37 Leather Archer Armor
29:06 Bow Saw
30:47 Ballistics
39:28 Imperial Age
38:54 Elite Skirmisher
39:43 Arbalester
40:27 Bracer
40:58 Ring Archer Armor
41:32 Chemistry
41:41 Wheelbarrow
40:52 Town Watch
41:59 Gold Shaft Mining
DiegoAzul10
8:51 Feudal Age
10:32 Loom
12:01 Town Watch
18:24 Fletching
21:53 Padded Archer Armor
22:04 Double-Bit Axe
24:33 Horse Collar
28:01 Castle Age
28:04 Crossbowman
28:43 Bodkin Arrow
31:20 Wheelbarrow
33:49 Bow Saw
36:21 Ballistics
36:24 Thumb Ring
37:07 Leather Archer Armor
38:04 Heavy Plow
40:28 Gold Mining
40:54 Stone Mining
[A2PL]JUANDDCAB
6:46 Loom
9:02 Feudal Age
9:58 Double-Bit Axe
11:46 Forging
15:52 Horse Collar
20:04 Scale Barding Armor
22:22 Bloodlines
25:35 Castle Age
25:22 Gold Mining
26:01 Light Cavalry
26:41 Husbandry
27:24 Iron Casting
28:46 Chain Barding Armor
33:42 Wheelbarrow
32:52 Town Watch
33:49 Heavy Plow
34:50 Hand Cart
37:43 Szlachta Privileges
43:14 Imperial Age
42:03 Stone Mining
[A2PL]Jdbcervantes
6:26 Loom
8:53 Feudal Age
9:54 Double-Bit Axe
10:22 Horse Collar
16:04 Scale Barding Armor
17:08 Bloodlines
17:55 Forging
19:57 Wheelbarrow
23:39 Castle Age
23:28 Light Cavalry
25:49 Husbandry
28:46 Iron Casting
29:00 Gold Mining
32:07 Town Watch
33:55 Chain Barding Armor
34:29 Bow Saw
38:29 Hand Cart
42:44 Imperial Age
Connection lost

Rejoining the realm…

Still unreachable

The connection could not be restored.

Session expired

The server has moved on; the page needs a fresh start.